AoeStats
← iqks3264

Glade

510552589Analyzed
1v1 RM · 14h ago on Oct 1, 2026· 50m 0s· 2 players
Game mode
Random Map
Map size
Tiny (2 player)
Population
200
Speed
Normal
Resources
Standard
Victory
Conquest
Starting age
Dark Age
Ending age
Imperial Age
RankedLock teamsTeams togetherTeam positionsShared explorationLock speedFull tech treeHidden civsTurbo modeCheats
Victory
Defeat
🇮🇳 Turks · India
642
+14
🇺🇸 Inca · United States
607
-14
El que te Lo Mete
0:44 Loom
13:43 Feudal Age
15:03 Wheelbarrow
17:08 Gold Mining
17:06 Double-Bit Axe
20:59 Castle Age
19:44 Champi Runner
20:54 Scale Mail Armor
20:46 Horse Collar
21:53 Heavy Plow
24:42 Forging
26:41 Bow Saw
27:02 Stone Mining
27:23 Champi Warrior
28:28 Champi Warrior
29:49 Hand Cart
32:16 Town Watch
32:42 Padded Archer Armor
35:44 Imperial Age
34:11 Squires
35:21 Gold Shaft Mining
35:54 Chain Mail Armor
36:15 Iron Casting
35:31 Fletching
37:00 Crop Rotation
36:31 Treadmill Crane
37:14 Ballistics
37:56 Chemistry
37:53 Plate Mail Armor
38:40 Chemistry
39:24 Blast Furnace
38:20 Bodkin Arrow
39:25 Leather Archer Armor
40:10 Thumb Ring
39:29 Elite Champi Warrior
40:48 Conscription
42:10 Siege Engineers
49:10 Elite Skirmisher
iqks3264
10:00 Feudal Age
10:29 Double-Bit Axe
10:27 Horse Collar
17:50 Padded Archer Armor
17:40 Fletching
20:18 Castle Age
22:43 Leather Archer Armor
22:23 Bodkin Arrow
22:42 Crossbowman
23:27 Thumb Ring
28:01 Ballistics
29:03 Bloodlines
30:56 Gold Mining
30:56 Stone Mining
32:40 Husbandry
35:00 Heavy Plow
39:10 Imperial Age
36:28 Loom
37:19 Bow Saw
37:57 Gold Shaft Mining
40:41 Elite Janissary
43:33 Wheelbarrow
43:10 Bracer
43:40 Ring Archer Armor
47:03 Cavalier
49:41 Conscription
Connection lost

Rejoining the realm…

Still unreachable

The connection could not be restored.

Session expired

The server has moved on; the page needs a fresh start.